[Event "*** Titled Tuesday Blitz"]
[Site "Chess.com"]
[Date "2021.04.20"]
[Round "2"]
[White "GelmanAlexander"]
[Black "RD4ever"]
[Result "1-0"]
[WhiteElo "2589"]
[BlackElo "2858"]
[TimeControl "180+1"]
[EndTime "10:18:14 PDT"]
[Termination "GelmanAlexander won by checkmate"]

1. d4 Nf6 2. Nc3 d5 3. Bf4 c5 4. e3 cxd4 5. exd4 a6 6. Nf3 Nc6 7. Ne5 Bd7 8. h4 Qb6 9. Nxc6 Bxc6 10. Rb1 e6 11. Rh3 h5 12. Be2 g6 13. Be5 Bg7 14.
Rf3 Qd8 15. Qd2 O-O 16. Qf4 Ne4 17. Bxg7 Kxg7 18. Rd1 Nxc3 19. Rxc3 Qf6 20. Qg3 Kh7 21. Rf3 Qg7 22. c3 Rae8 23. Re3 Qf6 24. Rf3 Qg7 25.
Re3 f6 26. f4 Re7 27. Kd2 Rfe8 28. Rf1 b5 29. Bd3 a5 30. Qf3 f5 31. Rc1 Qf6 32.
g3 Rc7 33. Bf1 Rec8 34. Ke1 Bd7 35. Kf2 b4 36. Qd1 Qf8 37. Qb3 Qd6 38. a3 Rb7 39. axb4 axb4 40. Ra1 Rcc7 41. Ra6 Qf8 42. c4 dxc4 43.
Bxc4 Qc8 44. Bxe6 Rc2+ 45. Kf3 Rc1 46. Bxd7 Qxd7 47. Qe6 Qxd4 48. Qxg6+ Kh8 49. Re8# 1-0

[Event "*** Titled Tuesday Blitz"]
[Site "Chess.com"]
[Date "2021.04.20"]
[Round "2"]
[White "Andreikka"]
[Black "LawrenceTrent"]
[Result "1-0"]
[WhiteElo "2868"]
[BlackElo "2568"]
[TimeControl "180+1"]
[EndTime "10:18:14 PDT"]
[Termination "Andreikka won on time"]

1. d4 d5 2. Nc3 Nf6 3. Bf4 c5 4. e3 cxd4 5. exd4 a6 6. Nf3 Nc6 7. Ne5 e6 8. g4 Bb4 9. Nxc6 bxc6 10. Bd3 c5 11. dxc5 O-O 12. g5 Nd7 13. Bd6 Qxg5 14. Bxf8 Nxf8 15. a3 Bxc3+ 16. bxc3 Qe5+ 17. Kf1 Qxc3 18. Qe1 Qxc5 19. h4 Bd7 20. h5 Bb5 21. Qd2 Qd4 22. Rb1 Bxd3+ 23. cxd3 Nd7 24. Rb4 Qf6 25. h6 g6 26. Kg2 Ne5 27. Rhb1 Qf3+ 28. Kg1 Rf8 29. Qe3 Qxe3 30. fxe3 Nxd3 31. Ra4 Nc5 32. Ra5 Ne4 33. Rxa6 g5 34. Rab6 Re8 35.
a4 Kf8 36. a5 Ke7 37. Rb7+ Kf6 38. Rf1+ Ke5 39. Rbxf7 Ra8 40. Rxh7 Rxa5 41. Rg7 Ra8 42. h7 Rh8 43. Rff7 Nf6 44. Rxg5+ Kd6 45. Rxf6 Rxh7 46. Kf2 Kc5 47. Rxe6 Rf7+ 48. Ke2 Ra7 49. Ree5 Kc4 50.
Rxd5 Ra1 51. Kf3 Kb3 52. Rb5+ Ka2 53. Ra5+ 1-0

[Event "*** Titled Tuesday Blitz"]
[Site "Chess.com"]
[Date "2021.04.20"]
[Round "2"]
[White "djano"]
[Black "MateusViageiro"]
[Result "1-0"]
[WhiteElo "2476"]
[BlackElo "2294"]
[TimeControl "180+1"]
[EndTime "10:18:17 PDT"]
[Termination "djano won by resignation"]

1. e4 c5 2. Nc3 d6 3. f4 Nf6 4.
Nf3 a6 5. g3 e6 6. Bg2 Be7 7.
O-O O-O 8. d4 Qc7 9. Kh1 cxd4 10. Nxd4 Nc6 11. f5 Nxd4 12. Qxd4 e5 13. Qd3 h6 14. Be3 b5 15. Rad1 Bb7 16. Nd5 Bxd5 17.
exd5 Rac8 18. c3 Qc4 19. Qb1 Rfe8 20. h3 Nh5 21. Kh2 Bg5 22. Bf2 Qe2 23. Rde1 Qc4 24.
Re4 Qc7 25. Re2 Bd8 26. Qd1 Nf6 27. g4 Qc4 28. a3 e4 29. Bg3 Bc7 30. Rfe1 Re7 31.
Bh4 Rce8 32. Qd4 Qxd4 33. cxd4 e3 34. Rc1 Bb6 35. Rc6 Bxd4 36. Rxa6 Rc8 37. Rc6 Rb8 38. Bg3 b4 39. Bxd6 Be5+ 40. Bxe5 Rxe5 41. d6 bxa3 42. bxa3 Rb3 43. a4 Rd3 44. Kg3 Nd5 45. d7 Nc3 46.
Rxc3 Rxc3 47. d8=Q+ Kh7 48. Qd4 Rcc5 49. f6 g6 50.
Rxe3 Rxe3+ 51. Qxe3 Rc6 52. Qe7 Rc3+ 53. Kh2 1-0

[Event "*** Titled Tuesday Blitz"]
[Site "Chess.com"]
[Date "2021.04.20"]
[Round "2"]
[White "AldokhinIvan"]
[Black "kai_nov"]
[Result "1/2-1/2"]
[WhiteElo "2512"]
[BlackElo "2323"]
[TimeControl "180+1"]
[EndTime "10:18:18 PDT"]
[Termination "Game drawn by repetition"]

1. e4 c5 2. Nf3 Nc6 3. d4 cxd4 4.
Nxd4 Nf6 5. Nc3 e5 6. Ndb5 d6 7. Nd5 Nxd5 8. exd5 Nb8 9. c4 Be7 10. Be2 O-O 11. O-O a6 12. Nc3 f5 13. b4 a5 14.
bxa5 Rxa5 15. a4 e4 16. Ba3 Nd7 17. Nb5 Ne5 18. c5 f4 19. cxd6 Bf6 20. f3 exf3 21. Bxf3 Nxf3+ 22. Qxf3 Bxa1 23. Rxa1 Rxa4 24. Kh1 Bd7 25.
Nc7 Qf6 26. Re1 Rfa8 27. Nxa8 Rxa8 28. h3 h6 29. Re7 Qa1+ 30. Kh2 Rxa3 31. Qxf4 Bb5 32.
Qf7+ Kh7 33. Qf5+ Kg8 34. d7 Bxd7 35. Rxd7 Qf6 36. Qxf6 gxf6 37. Rxb7 Rd3 38. Rd7 Kf8 39. h4 h5 40. Kg1 Ke8 41. Rd6 Ke7 42. Re6+ Kf7 43.
Rd6 Ke7 44. Ra6 Rxd5 45. Kf2 Rd4 46. g3 Kf7 47. Ke3 Rg4 48. Kf3 Kg6 49. Ra8 Rb4 50.
Rg8+ Kf7 51. Rh8 Kg6 52. Rc8 Kf5 53. Rc5+ Kg6 54. Rd5 Rb3+ 55. Kf4 Rb4+ 56. Ke3 Rb3+ 57. Kf4 Rb4+ 58. Kf3 Rb3+ 59. Kf4 1/2-1/2

[Event "*** Titled Tuesday Blitz"]
[Site "Chess.com"]
[Date "2021.04.20"]
[Round "2"]
[White "dropstoneDP"]
[Black "c_r_e_e_p_e_r"]
[Result "1-0"]
[WhiteElo "2931"]
[BlackElo "2355"]
[TimeControl "180+1"]
[EndTime "10:18:19 PDT"]
[Termination "dropstoneDP won by checkmate"]

1. b3 a5 2. Nc3 e5 3. Nf3 d6 4. e4 Bg4 5. h3 Bh5 6. Be2 Nc6 7. O-O Nf6 8. Bb2 Be7 9. Re1 O-O 10. d3 Re8 11. a3 Bf8 12. Nb5 a4 13. b4 d5 14.
Nd2 Bg6 15. exd5 Nxd5 16. Bf3 Nde7 17. Nc4 f6 18. d4 Bf7 19. Ne3 exd4 20. Nxd4 Nxd4 21.
Qxd4 c6 22. Rad1 Ng6 23. Qg4 Qc7 24. Nf5 Kh8 25. Qg3 Ne5 26. Bxe5 fxe5 27. Be4 Bg6 28. Qg4 Rad8 29. Ng3 Bxe4 30. Nxe4 Rd4 31. c3 Rdd8 32. Ng5 Rxd1 33. Rxd1 Qe7 34. Rd7 Qf6 35. Qh5 Qg6 36.
Qxg6 hxg6 37. Rxb7 Re7 38. Rxe7 Bxe7 39. Ne4 Kg8 40.
Kf1 Kf7 41. Ke2 Ke6 42. Kd3 Kd5 43. c4+ Ke6 44. g4 g5 45. f3 g6 46. Nc3 c5 47.
b5 Bf6 48. Ke4 Bd8 49. Nxa4 Kd6 50. Nb2 Ba5 51. Nd3 Bc3 52. a4 Ba5 53. Nxe5 Bc3 54.
Nxg6 Bd4 55. f4 gxf4 56. Nxf4 Ke7 57. Nd3 Kf6 58. a5 Bc3 59. a6 Ba5 60. a7 Bc3 61. a8=Q Kg5 62. Qd5+ Kh4 63. b6 Kg3 64. b7 Bd4 65. Nb4 Kxh3 66. b8=Q Kg2 67. Qf4 Bf2 68.
Kd3+ Kg1 69. Qdf3 Kf1 70. Qh1# 1-0

[Event "*** Titled Tuesday Blitz"]
[Site "Chess.com"]
[Date "2021.04.20"]
[Round "2"]
[White "OriTaichman"]
[Black "Aleksey_Sorokin"]
[Result "0-1"]
[WhiteElo "2556"]
[BlackElo "2827"]
[TimeControl "180+1"]
[EndTime "10:18:21 PDT"]
[Termination "Aleksey_Sorokin won by resignation"]

1. e4 c6 2. d4 d5 3. e5 Bf5 4. Nd2 e6 5. Nb3 c5 6. dxc5 Bxc5 7. Nxc5 Qa5+ 8. c3 Qxc5 9. Qa4+ Nc6 10. Be3 Qa5 11.
Qxa5 Nxa5 12. Nf3 Ne7 13. Nd4 a6 14. Nxf5 Nxf5 15. Bc5 Rc8 16. b4 Nc6 17. f4 Nb8 18. Bd3 Nd7 19. Bd4 Nxd4 20. cxd4 Nb8 21. Kd2 Nc6 22.
Rhc1 Kd8 23. Ke3 Nxb4 24. Rcb1 Nxd3 25. Rxb7 Nc1 26. Kd2 Rc7 27. Rb8+ Rc8 28. Rxc8+ Kxc8 29. Rxc1+ Kb7 30. Rb1+ Ka7 31. g4 Rc8 32. f5 Rc4 33. Kd3 Ra4 34. Rb2 Ra3+ 35. Kc2 Rf3 36. fxe6 fxe6 37.
g5 Rf5 38. h4 Rf2+ 39. Kc3 Rf3+ 40. Kb4 Kb6 41. Ka4+ Kc6 42. Rb3 Rf4 43. Ka5 Rxd4 44. Rb6+ Kc5 45. Rxe6 Rxh4 46. Re7 g6 47. Rc7+ Kd4 48. e6 Re4 49. e7 Ke3 50. Kxa6 d4 51.
a4 d3 52. Kb6 d2 53. Rd7 Ke2 54. a5 d1=Q 55. Rxd1 Kxd1 56. a6 Rxe7 57. a7 Re8 58. Kb7 Ke2 59. a8=Q Rxa8 60. Kxa8 Kf3 61. Kb7 Kf4 62.
Kc6 Kxg5 63. Kd5 h5 64. Ke4 Kg4 65. Ke3 Kg3 66. Ke2 Kg2 67. Ke3 h4 68. Kf4 h3 69.
Kg4 h2 0-1

[Event "*** Titled Tuesday Blitz"]
[Site "Chess.com"]
[Date "2021.04.20"]
[Round "2"]
[White "Grandmaster1369"]
[Black "volunteers1998"]
[Result "1-0"]
[WhiteElo "2624"]
[BlackElo "2185"]
[TimeControl "180+1"]
[EndTime "10:18:21 PDT"]
[Termination "Grandmaster1369 won on time"]

1. e4 c5 2. Nf3 Nc6 3. Bb5 d6 4. O-O Bd7 5. Re1 e5 6. c3 Nf6 7. h3 Be7 8. d4 cxd4 9. cxd4 exd4 10. Nxd4 O-O 11. Bf1 d5 12. e5 Ne4 13. Nf3 Be6 14. Nc3 Nxc3 15. bxc3 Qa5 16. Bd2 Rac8 17. Bd3 Qc7 18. h4 Bg4 19. Bf4 Qa5 20. Qb1 Bxf3 21. gxf3 Bxh4 22. Bxh7+ Kh8 23. Bf5 Rcd8 24. Kg2 g5 25. Rh1 Kg7 26. Bg4 Qxc3 27. Qf5 gxf4 28. Rxh4 Qxe5 29. Rh7+ Kg8 30. Kh2 Qxf5 31. Bxf5 Ne5 32.
Rg1+ Ng6 33. Bxg6 fxg6 34. Rxb7 Rf6 35. Rxa7 d4 36. Rd1 d3 37. Ra4 d2 38. Rc4 Re6 39.
Rc2 Re2 40. Kg2 Kf7 41. Kf1 Re6 42. Rcxd2 Rxd2 43. Rxd2 Ra6 44. Kg2 Kf6 45. Kh3 Kf5 46.
Rd5+ Kf6 47. Rd2 Ra4 48. Kg4 Kf7 49. Rb2 Kf6 50. Rb6+ Kf7 51. Rb2 Kf6 52. Re2 Kf7 53. Kg5 Rb4 54. Re4 Rb2 55. Rxf4+ Kg7 56. Ra4 Rxf2 57. Ra7+ 1-0

[Event "*** Titled Tuesday Blitz"]
[Site "Chess.com"]
[Date "2021.04.20"]
[Round "2"]
[White "LamaChampetre"]
[Black "ljuks68"]
[Result "0-1"]
[WhiteElo "2190"]
[BlackElo "2423"]
[TimeControl "180+1"]
[EndTime "10:18:21 PDT"]
[Termination "ljuks68 won by resignation"]

1. d4 d5 2. c4 c6 3. Nf3 Nf6 4. e3 e6 5. b3 Bb4+ 6. Nbd2 Ne4 7. Bb2 Qa5 8. a3 Bc3 9. b4 Bxd2+ 10. Nxd2 Qc7 11.
Nxe4 dxe4 12. Qg4 f5 13. Qh5+ Qf7 14. Qd1 a5 15. Be2 O-O 16. O-O Nd7 17. d5 exd5 18.
cxd5 cxd5 19. Rc1 axb4 20. axb4 Nf6 21. Bxf6 gxf6 22. Bh5 Qe7 23. Qxd5+ Be6 24. Qb5 Ra2 25.
h3 Rb2 26. Qc5 Qxc5 27. bxc5 Rc8 28. Rb1 Rxb1 29. Rxb1 Bd5 30. Rb5 Kf8 31. Kh2 Ke7 32. g4 fxg4 33. Bxg4 Rd8 34. Kg3 Bc6 35. Rb4 Rd2 36. Rd4 Rc2 37. Rd6 Rxc5 38. Re6+ Kf7 39. Rd6 Rd5 40. Re6 f5 41. Bxf5 Rxf5 42. Rh6 Kg7 43. Rd6 Rf6 44. Rd8 Rf7 45. h4 Kf6 46. h5 Kg5 47. Rg8+ Kxh5 48. Kg2 Kh6 49. Kh3 Rxf2 50. Rd8 Rf3+ 51. Kg4 Rxe3 52. Rd6+ Kg7 53. Kg5 Re1 54. Re6 Rg1+ 55. Kh5 Kf7 56. Rd6 Ke7 57. Rh6 Rh1+ 58. Kg5 Rxh6 59. Kxh6 e3 60. Kxh7 e2 61. Kg8 e1=Q 62. Kg7 Qg1+ 63. Kh8 Kf7 0-1

[Event "*** Titled Tuesday Blitz"]
[Site "Chess.com"]
[Date "2021.04.20"]
[Round "2"]
[White "allejam"]
[Black "freshfoodcompany"]
[Result "1-0"]
[WhiteElo "2212"]
[BlackElo "2395"]
[TimeControl "180+1"]
[EndTime "10:18:21 PDT"]
[Termination "allejam won by resignation"]

1. e4 c6 2. d4 d5 3. exd5 cxd5 4. Nc3 Nf6 5. Bf4 Nc6 6. Nb5 e5 7.
Bxe5 Nxe5 8. dxe5 Ne4 9. Qxd5 Qxd5 10. Nc7+ Kd8 11. Nxd5 Be6 12. Rd1 Kc8 13. f3 Nc5 14. Bc4 b6 15. Ne2 Kb7 16. Nd4 Rd8 17. Nxe6 Nxe6 18.
O-O Bc5+ 19. Kh1 Nd4 20. c3 Nc6 21. f4 Rd7 22. b4 Bf8 23. Ne3 Rc7 24. Bd5 Kc8 25.
Rd3 Be7 26. Rfd1 Rd8 27. Bxf7 Rxd3 28. Rxd3 Kb7 29. Bd5 b5 30. g3 Kb6 31. Be4 a6 32.
Nd5+ Kb7 33. Nxc7 Kxc7 34. Bxc6 Kxc6 35. Kg2 Bf8 36. a3 Be7 37. Kf3 Bf8 38. Ke4 Be7 39.
f5 Bf8 40. g4 Be7 41. h4 Bxh4 42. Rh3 Be1 43. Rxh7 Bxc3 44. Rxg7 Bb2 45. f6 Bxa3 46. f7 Bxb4 47. Rg8 a5 48. f8=Q Bxf8 49. Rxf8 a4 50. Ra8 Kb7 51. Rd8 a3 52. Rd2 b4 53. Kd4 b3 54. Kc3 b2 55. Kb3 b1=Q+ 56. Kxa3 Qc1+ 57. Rb2+ Kc6 58. Kb3 Kd5 59. Rc2 Kxe5 60. Rxc1 Kf4 61. Rg1 Kg5 62. Kc3 1-0

[Event "*** Titled Tuesday Blitz"]
[Site "Chess.com"]
[Date "2021.04.20"]
[Round "2"]
[White "noblerone"]
[Black "Carolina-moon"]
[Result "1-0"]
[WhiteElo "2405"]
[BlackElo "2111"]
[TimeControl "180+1"]
[EndTime "10:18:23 PDT"]
[Termination "noblerone won on time"]

1. d4 Nf6 2. Nf3 g6 3. Bg5 Bg7 4. Nbd2 d5 5. e3 O-O 6. Be2 Nbd7 7. O-O e6 8. c3 h6 9. Bh4 c5 10. Ne5 g5 11. Bg3 Nxe5 12. Bxe5 Ne8 13. Bxg7 Nxg7 14.
f4 Nf5 15. Bd3 Nxe3 16. Qh5 Nxf1 17. Qxh6 f5 18. Qg6+ Kh8 19. Nf3 g4 20. Ng5 Qe7 21. Rxf1 Bd7 22. Re1 Rf6 23. Qh5+ Kg8 24. dxc5 Qg7 25.
Qh4 Rh6 26. Qg3 Re8 27. Re5 Rg6 28. b4 a6 29. Qe3 Kf8 30. a3 Rd8 31. Kf2 Re8 32.
g3 Bc6 33. Kg1 Kg8 34. Qd4 Rf8 35. Bc2 Re8 36. a4 Bd7 37. Qe3 Re7 38. Bxf5 Rxg5 39. fxg5 Qf7 40. Bd3 Qg7 41. g6 d4 42. cxd4 Bc6 43. Be4 Qf6 44. Bxc6 bxc6 45. Re4 Qxg6 46. Qe2 Rg7 47. Rxe6 Qg5 48. Re8+ Kh7 49. Re5 Qc1+ 50.
Kg2 Rf7 51. Qe4+ Kg7 52. Qe2 Qf1+ 53. Qxf1 Rf2+ 54. Kxf2 Kg6 55. Ke3 Kg7 56. Qf5 1-0

[Event "*** Titled Tuesday Blitz"]
[Site "Chess.com"]
[Date "2021.04.20"]
[Round "2"]
[White "GAusal"]
[Black "viktorgen2021"]
[Result "0-1"]
[WhiteElo "1999"]
[BlackElo "2375"]
[TimeControl "180+1"]
[EndTime "10:18:23 PDT"]
[Termination "viktorgen2021 won by resignation"]

1. e4 c6 2. d4 d5 3. exd5 cxd5 4. Nf3 Nc6 5. Bf4 Bg4 6. c3 g6 7. Qb3 Bxf3 8. Qxb7 Rc8 9. gxf3 Nf6 10. Ba6 Ra8 11.
Bc7 Na5 12. Bxd8 Nxb7 13. Bxe7 Kxe7 14. Bxb7 Rb8 15. Ba6 Rxb2 16. Nd2 Kd6 17. Bd3 Bh6 18. Nb3 Nh5 19. O-O Nf4 20. Ba6 Re8 21. Bb5 Re7 22.
Ba6 Ne2+ 23. Kg2 Nxc3 24. Nc5 Ne2 25. Nd3 Nf4+ 26. Nxf4 Bxf4 27. h4 Rc7 28. Bd3 Rc3 29.
Ba6 Rcc2 30. h5 gxh5 31. a4 Be3 32. Bd3 Rxf2+ 33. Rxf2 Bxf2 34. Kh3 Bxd4 35. Bxh7 Rb3 36. Rd1 Rxf3+ 37. Kg2 Rf4 38. a5 Be5 39. a6 Rg4+ 40. Kf3 Rg3+ 41. Kf2 Ra3 42. Be4 d4 43. Bb7 d3 44. Ke3 Kc5 45. Rxd3 Rxd3+ 46. Kxd3 h4 47. Ke4 f6 48. Kf5 Kd4 49. Kg4 Bg3 50.
Kf5 Ke3 51. Kxf6 Kf2 52. Kf5 Kg1 53. Kg4 Kh2 54. Kh5 h3 55. Kg6 Kg1 56. Kf5 h2 57. Ke6 h1=Q 58. Bxh1 Kxh1 59. Kd7 Bf2 60. Kc6 Kg2 61.
Kb7 Bb6 62. Ka8 Kf3 63. Kb7 Ke4 64. Ka8 Kd3 65. Kb7 Kc4 66. Ka8 Kb5 67. Kb7 Ka5 68. Ka8 Kxa6 69. Kb8 Kb5 70. Kb7 a5 71. Kc8 a4 72.
Kd7 a3 73. Ke6 a2 74. Kd5 0-1

[Event "*** Titled Tuesday Blitz"]
[Site "Chess.com"]
[Date "2021.04.20"]
[Round "2"]
[White "rachidhuilda"]
[Black "IljaJoke"]
[Result "0-1"]
[WhiteElo "2297"]
[BlackElo "2484"]
[TimeControl "180+1"]
[EndTime "10:18:24 PDT"]
[Termination "IljaJoke won on time"]

1. d4 d5 2. Nf3 c5 3. c4 e6 4. e3 Nf6 5. dxc5 Bxc5 6. Nc3 O-O 7. cxd5 exd5 8. Be2 Nc6 9. O-O Re8 10. Qc2 Bg4 11.
Rd1 Qe7 12. Nxd5 Nxd5 13. Rxd5 Bd6 14. Qd1 Rad8 15. a3 Bc7 16. Rxd8 Rxd8 17. Qc2 Ne5 18.
Nxe5 Bxe2 19. Qxe2 Qxe5 20. g3 h5 21. e4 Re8 22.
Bf4 Qe7 23. Bxc7 Qxc7 24. Re1 g6 25. e5 Qd7 26. Qe4 Qe6 27. Qxb7 Re7 28. Qe4 Rc7 29.
h4 Kg7 30. Kg2 Rc4 31. Qe3 a5 32. Re2 a4 33. Qd3 Qc6+ 34. Qf3 Qe6 35. Qe3 Qc6+ 36. Kh2 Rc1 37. f3 Rc2 38. Kg2 Qc4 39. Kf2 Rc1 40. e6 fxe6 41. Qxe6 Qxe6 42. Rxe6 Kf7 43. Re4 Rc2+ 44.
Re2 Rc1 45. Ke3 Rg1 46. Kf4 Rb1 47. Kg5 Rf1 48. Kf4 Rb1 49. Rd2 Ke6 50. Rc2 Kd5 51.
Rd2+ Kc4 52. Re2 Kb3 53. Kg5 Rxb2 0-1

[Event "*** Titled Tuesday Blitz"]
[Site "Chess.com"]
[Date "2021.04.20"]
[Round "2"]
[White "IANOV0007"]
[Black "tteshan"]
[Result "1-0"]
[WhiteElo "2457"]
[BlackElo "2235"]
[TimeControl "180+1"]
[EndTime "10:18:24 PDT"]
[Termination "IANOV0007 won by resignation"]

1. Nf3 c5 2. g3 Nc6 3. Bg2 g6 4. c4 Bg7 5. Nc3 e6 6. O-O Nge7 7. d3 O-O 8. Bg5 h6 9. Bd2 d5 10. a3 a5 11. Rb1 b6 12. b3 Bb7 13.
Qc1 Kh7 14. Rd1 Nf5 15. e3 d4 16. exd4 Nfxd4 17. Nxd4 Qxd4 18. Be1 Rfd8 19. Nb5 Qd7 20.
Bc3 Nd4 21. Bxd4 Bxd4 22. Nxd4 Bxg2 23. Nf5 gxf5 24. Kxg2 Qc6+ 25. Kg1 Rd4 26. b4 axb4 27. axb4 Qf3 28. bxc5 bxc5 29. Qe3 Qc6 30. Rd2 Ra3 31. Qe2 Qd6 32. Rbd1 Ra8 33. Rb2 Rd8 34. Rb7 Kg6 35.
Rb5 Rxd3 36. Rxd3 Qxd3 37. Qxd3 Rxd3 38. Rxc5 Rc3 39. Rc7 Kf6 40. f4 Rc2 41. c5 Kg7 42.
c6 Kf6 43. h4 Kg6 44. Kf1 Kh5 45. Rxf7 Rxc6 46. Rg7 Rd6 47. Kg2 Rd2+ 48. Kh3 Re2 49. Rg8 e5 50. fxe5 Rxe5 51. Rg7 Re6 52. Kg2 Rg6 53.
Rf7 Kg4 54. Kf2 Rc6 55. Rg7+ Kh3 56. Rg6 Rc2+ 57. Kf3 Rc3+ 58. Kf4 Rd3 59. h5 Rc3 60. Kxf5 Rxg3 61. Rxg3+ Kxg3 62. Kg6 Kf4 63. Kxh6 Kg4 64. Kg6 1-0

[Event "*** Titled Tuesday Blitz"]
[Site "Chess.com"]
[Date "2021.04.20"]
[Round "2"]
[White "AndreyNeves"]
[Black "Triumphmate"]
[Result "1-0"]
[WhiteElo "2249"]
[BlackElo "2433"]
[TimeControl "180+1"]
[EndTime "10:18:24 PDT"]
[Termination "AndreyNeves won by resignation"]

1. d4 d5 2. c4 e6 3. Nf3 Be7 4. g3 Nf6 5. Bg2 O-O 6. O-O dxc4 7. a4 c5 8. dxc5 Nc6 9. Na3 Bxc5 10. Nxc4 Qe7 11. Bf4 Nd5 12. Bd2 Bd7 13. Nfe5 Rad8 14. Nxd7 Rxd7 15. Qb3 Rfd8 16. Bc3 Nd4 17. Bxd4 Bxd4 18.
e3 Bf6 19. e4 Nc7 20. e5 Bg5 21. f4 Bh6 22. Nd6 Ne8 23. Nxb7 Rb8 24. Rac1 Rdxb7 25. Bxb7 Rxb7 26. Qc3 g6 27. Rfd1 Bg7 28. Qc8 h5 29. Rd8 Kh7 30. Rxe8 Qb4 31. Qc3 Qb6+ 32. Kg2 Rd7 33.
Rc8 Qb7+ 34. Kh3 Rd5 35. Rc7 Qb6 36. Rxf7 g5 37. Qc7 g4+ 38. Kh4 Qxc7 39. Rcxc7 Rd2 40.
Rxg7+ Kh6 41. Rh7+ Kg6 42. Rcg7+ Kf5 43. Rxh5+ Ke4 44.
Kxg4 Rxb2 45. Re7 Rb6 46. Rh6 Ra6 47. Rexe6 Rxa4 48. Kg5 Ra2 49. Kf6 a5 50. f5 a4 51.
Ra6 Rf2 52. Rh4+ Ke3 53. Rhxa4 Rxh2 54. Ra3+ Ke4 55. e6 Kd5 56. e7 Rh6+ 57. Kg5 Rh8 58. f6 Rg8+ 59. Kf5 Rxg3 60. Rxg3 1-0

[Event "*** Titled Tuesday Blitz"]
[Site "Chess.com"]
[Date "2021.04.20"]
[Round "2"]
[White "FGHSMN"]
[Black "GMRafpig"]
[Result "1/2-1/2"]
[WhiteElo "2482"]
[BlackElo "2680"]
[TimeControl "180+1"]
[EndTime "10:18:28 PDT"]
[Termination "Game drawn by repetition"]

1. e4 e5 2. Nf3 Nc6 3. Bc4 Nf6 4. d3 Bc5 5. a4 d6 6. c3 a6 7. O-O O-O 8. h3 h6 9. Nbd2 Ba7 10.
Re1 Re8 11. Nf1 Be6 12. Ng3 d5 13. exd5 Bxd5 14. Bxd5 Qxd5 15. Ne4 Nxe4 16. dxe4 Qxd1 17. Rxd1 Rad8 18. Bd2 Na5 19. Be1 Nb3 20. Rab1 f6 21. Kf1 Nc5 22. Nd2 Nxa4 23. Ke2 Kf7 24. Nc4 Nc5 25. f3 Ne6 26. g3 h5 27. h4 Ke7 28.
Na5 Bb6 29. b4 Rxd1 30. Kxd1 Rb8 31. Nc4 Ba7 32. Ke2 Rd8 33. Bd2 g6 34. b5 axb5 35. Rxb5 Rb8 36. Na5 Bb6 37. Be3 Bxa5 38. Rxa5 Nd8 39.
f4 Nc6 40. Ra4 Ke6 41. Kf3 Rd8 42. Ra1 Rd3 43. Rc1 Na5 44. Ke2 Rd7 45. c4 Nb3 46. Rb1 Nd4+ 47. Bxd4 Rxd4 48. Rxb7 Rxe4+ 49. Kd3 Rd4+ 50.
Kc3 Rd7 51. fxe5 fxe5 52. Rb8 Kf5 53. Rf8+ Kg4 54. Rg8 Rd6 55. c5 Re6 56. Kc4 e4 57.
Kd5 e3 58. Kxe6 e2 59. Rxg6+ Kf3 60. Rg5 e1=Q+ 61. Kd7 Qd2+ 62. Kxc7 Qa5+ 63. Kc6 Qa6+ 64. Kd7 Qb7+ 65. Kd6 Qb8+ 66. Kd7 Qb7+ 67. Kd6 Qb8+ 68. Kc6 Qc8+ 69. Kb6 Qb8+ 70. Kc6 Qc8+ 71. Kd6 Qd8+ 72. Kc6 Qc8+ 1/2-1/2

[Event "*** Titled Tuesday Blitz"]
[Site "Chess.com"]
[Date "2021.04.20"]
[Round "2"]
[White "Orest_Vovk"]
[Black "olksuna"]
[Result "1/2-1/2"]
[WhiteElo "2458"]
[BlackElo "2663"]
[TimeControl "180+1"]
[EndTime "10:18:28 PDT"]
[Termination "Game drawn by repetition"]

1. h3 e5 2. d4 exd4 3. Qxd4 Nf6 4. Bg5 Be7 5. Nf3 d5 6. e3 c5 7. Bb5+ Bd7 8. Bxd7+ Qxd7 9. Qh4 O-O 10. c3 h6 11.
Bxf6 Bxf6 12. Qg4 Qb5 13. b3 Nc6 14. Qf5 d4 15. cxd4 Qb4+ 16. Nbd2 cxd4 17. Rd1 dxe3 18. fxe3 Rfe8 19. O-O Rxe3 20. Nc4 Re7 21. Kh1 a6 22.
Rd3 Qb5 23. Rd5 Qb4 24. Rd3 Rae8 25. a3 Qb5 26. Qxb5 axb5 27. Nd6 Rd8 28. Rfd1 Red7 29.
R3d2 Be7 30. Nxb5 Rxd2 31. Rxd2 Rxd2 32. Nxd2 f5 33. Nc4 g6 34. Nbd6 Nd8 35. a4 Kg7 36. Nc8 Bc5 37. N8b6 Kf7 38. Nd7 Bb4 39. Nde5+ Kf6 40.
Nd3 Bf8 41. b4 g5 42. b5 Ke6 43. a5 f4 44. a6 bxa6 45. bxa6 Nc6 46. Na5 Na7 47. Nb7 Kd5 48. h4 Ke4 49. Ndc5+ Bxc5 50. Nxc5+ Kf5 51. hxg5 hxg5 52. Kg1 Ke5 53. Kf2 Kd5 54. Nd7 Ke6 55. Nb6 Kf5 56. Nc4 g4 57. Nd6+ Ke5 58. Nf7+ Kf6 59. Nd6 Ke5 60. Nc4+ Kd4 61. Nd6 Ke5 1/2-1/2

[Event "*** Titled Tuesday Blitz"]
[Site "Chess.com"]
[Date "2021.04.20"]
[Round "2"]
[White "Politov_Pavel"]
[Black "Grandelicious"]
[Result "0-1"]
[WhiteElo "2353"]
[BlackElo "2815"]
[TimeControl "180+1"]
[EndTime "10:18:28 PDT"]
[Termination "Grandelicious won by checkmate"]

1. d4 Nf6 2. Nc3 d5 3. Bg5 Bf5 4. e3 e6 5. Bd3 Bg6 6. f4 Be7 7. Nf3 Nbd7 8. O-O Bh5 9. Qe1 h6 10. Bh4 Bxf3 11. Rxf3 c6 12. Bg3 Qc7 13. e4 dxe4 14.
Nxe4 Nxe4 15. Bxe4 Nf6 16. Bd3 Qb6 17. c3 g6 18. b3 O-O-O 19. Bh4 Nd5 20. Bxe7 Nxe7 21.
Bc4 Nf5 22. Rf2 Qc7 23. g3 g5 24. Qe5 Nd6 25. Bd3 gxf4 26. Rxf4 Rde8 27. Raf1 f5 28. c4 Qd7 29. a4 Nf7 30. Qe3 Ng5 31.
Kg2 Re7 32. h4 Nf7 33. Re1 Rhe8 34. Qf3 Kb8 35. d5 exd5 36. Rxe7 Qxe7 37. cxd5 Ne5 38. Qe3 Nxd3 39. Qxd3 Qe1 40. Rf2 cxd5 41. Qxd5 f4 42. Qf3 fxg3 43. Qxg3+ Ka8 44. Rf3 Qe2+ 45. Rf2 Qe4+ 46.
Qf3 Qxh4 47. Qf7 Qg5+ 48. Kf1 Qc1+ 49. Kg2 Qc8 50. Qf6 Rg8+ 51. Kf1 Qc1+ 52. Ke2 Qc2+ 53.
Kf3 Qxb3+ 54. Ke2 Qc2+ 55. Kf3 Qd3+ 56. Kf4 Qg3+ 57. Ke4 Re8+ 58. Kd5 Qd3+ 59. Kc5 Rc8+ 60. Kb4 Rc4+ 61. Kb5 Qd5# 0-1

[Event "*** Titled Tuesday Blitz"]
[Site "Chess.com"]
[Date "2021.04.20"]
[Round "2"]
[White "Cambek64"]
[Black "NicoChasin"]
[Result "1/2-1/2"]
[WhiteElo "2482"]
[BlackElo "2688"]
[TimeControl "180+1"]
[EndTime "10:18:30 PDT"]
[Termination "Game drawn by repetition"]

1. e4 c5 2. Nc3 Nc6 3. d3 g6 4.
Be3 Bg7 5. Bxc5 Qa5 6. Be3 Bxc3+ 7. bxc3 Qxc3+ 8. Bd2 Qc5 9. Nf3 Nf6 10. Be2 d5 11.
exd5 Nxd5 12. c4 Nf6 13. O-O O-O 14. Bc3 Bf5 15. d4 Qa3 16. Qb3 Qxb3 17. axb3 Ne4 18. Bb2 b6 19. d5 Nb4 20. Nd4 Bd7 21. Rfd1 Rfc8 22. f3 Nc5 23. Bc3 a5 24. Kf2 Kf8 25. Rd2 Be8 26. Bxb4 axb4 27. Rda2 Rxa2 28. Rxa2 Rc7 29.
Ke3 Kg7 30. Ra8 Bd7 31. Rb8 Nb7 32. Nc2 b5 33. Nxb4 Na5 34. Nc6 Bxc6 35. dxc6 bxc4 36. bxc4 Rxc6 37. Rb4 Re6+ 38. Kd2 Nc6 39. Rb6 Rd6+ 40. Kc3 Nd4 41. Rxd6 Nxe2+ 42. Kd2 exd6 43. Kxe2 Kf6 44. Ke3 Ke5 45. f4+ Kf5 46. Kf3 h5 47. g3 f6 48. h3 Ke6 49. g4 f5 50. gxf5+ Kxf5 51. Ke3 Kf6 52. Ke4 Ke6 53. Kd4 Ke7 54. Kd5 Kd7 55. Ke4 Kc7 56. Kd5 Kd7 57. Kd4 Kc6 58. Ke4 Kc5 59. Kd3 d5 60. cxd5 Kxd5 61. Ke3 Kd6 62. Ke4 Ke6 63. Ke3 Kf5 64. Kf3 h4 65.
Ke3 Kf6 66. Kf3 Kf5 67. Ke3 Ke6 68. Kf3 Kf5 1/2-1/2

[Event "*** Titled Tuesday Blitz"]
[Site "Chess.com"]
[Date "2021.04.20"]
[Round "2"]
[White "IriBu"]
[Black "platy3"]
[Result "0-1"]
[WhiteElo "2561"]
[BlackElo "2840"]
[TimeControl "180+1"]
[EndTime "10:18:32 PDT"]
[Termination "platy3 won on time"]

1. e4 c5 2. Be2 Nc6 3. f4 g6 4.
Nf3 Bg7 5. O-O d5 6. d3 Nh6 7. c3 O-O 8. h3 b6 9. Na3 f5 10. e5 Nf7 11. d4 e6 12. Be3 c4 13.
b3 Qe7 14. Nc2 b5 15. bxc4 bxc4 16. Rb1 Bd7 17. Qd2 Rfb8 18. Rfd1 a5 19. Qe1 Bf8 20. g4 Qd8 21. gxf5 exf5 22. Kh2 Rxb1 23. Rxb1 Rb8 24.
h4 Be7 25. Ng5 Bxg5 26. hxg5 Be6 27. Kg3 Qc7 28. a4 Rb7 29. Rb5 Rxb5 30. axb5 Na7 31. Qb1 Qb7 32. Na3 Nc8 33. Bf3 Nb6 34. Qa2 Qe7 35. Nc2 Qa7 36. Qa3 Kg7 37. Qc5 a4 38. Na3 Kg8 39. Qc6 Bd7 40. Qc5 Be6 41. Nxc4 dxc4 42.
d5 Bxd5 43. Bxd5 a3 44. Bxc4 a2 45. Bxa2 Qxa2 46. Qxb6 Qe2 47. Qd4 Qg4+ 48. Kf2 Qh4+ 49. Ke2 Qg4+ 50. Kd2 Qg2+ 51. Kc1 Qf1+ 52. Kc2 Qxb5 53.
e6 Qe2+ 54. Kb3 Qb5+ 55. Qb4 Qd5+ 56. Qc4 Qd1+ 57. Kb4 Nd6 0-1